 Dungeon Crawl Stone Soup version 0.30.1-11-g7821555f0a (webtiles) character file.

Game seed: 18272424191144467771

422 lonewolfV2 the Covered (level 6, 0/87 HPs)
             Began as a Minotaur Fighter on Nov 15, 2023.
             Succumbed to a water moccasin's poison
             ... on level 5 of the Dungeon.
             The game lasted 00:05:45 (2940 turns).

lonewolfV2 the Covered (Minotaur Fighter)           Turns: 2940, Time: 00:05:46

Health: 0/87       AC: 23    Str: 21    XL:     6   Next: 63%
Magic:  5/5        EV:  2    Int:  5    God:
Gold:   1037       SH:  4    Dex: 11    Spells: 5/5 levels left

rFire   + . .        a - +1 war axe (flame)
rCold   + . .        c - +0 buckler
rNeg    . . .        o - melded +0 chain mail
rPois   +            (helmet currently unavailable)
rElec   +            (cloak currently unavailable)
rCorr   +            (gloves currently unavailable)
SInv    .            (boots currently unavailable)
Will    .....        (no amulet)
Stlth   +            s - ring of flight
HPRegen 0.34/turn    (no ring)
MPRegen 0.09/turn

%: no passive effects
@: lethally poisoned (0 -> -2), tree-form, resistant, attractive
A: stationary, stasis, torment immunity, boosted hp, (horns 2), (retaliatory
headbutt)
a: no special abilities


You were on level 5 of the Dungeon.
You were a tree.
You visited 1 branch of the dungeon, and saw 5 of its levels.

You collected 1037 gold pieces.

Inventory:

Hand Weapons
 a - a +1 war axe of flaming (weapon)
Missiles
 t - a throwing net (quivered)
Armour
 c - a +0 buckler (worn)
 o - a +0 chain mail (melded)
Jewellery
 s - a ring of flight (left branch)
Wands
 b - a wand of polymorph (2)
Scrolls
 f - 4 scrolls of teleportation
Potions
 d - a potion of might
 e - a potion of cancellation
 g - 2 potions of brilliance
 h - a potion of magic
 i - a potion of attraction
 j - 2 potions of invisibility
 m - 4 potions of degeneration
 p - a potion of curing {unknown}


   Skills:
 + Level 6.9 Fighting
 - Level 2.4 Axes
 + Level 6.9 Armour
 - Level 3.6 Shields


You had 5 spell levels left.
You didn't know any spells.
Your spell library contained the following spells:

 Spells                   Type           Power      Damage    Failure   Level
 Ensorcelled Hibernation  Hex/Ice        0%         N/A       69%         2
 Passwall                 Tmut/Erth      0%         N/A       69%         2
 Summon Guardian Golem    Hex/Summ       0%         N/A       89%         3
 Swiftness                Air            0%         N/A       89%         3
 Conjure Ball Lightning   Conj/Air       0%         3x3d6     100%        6
 Orb of Destruction       Conj           0%         9d5       100%        7
 Spellforged Servitor     Conj/Summ      0%         N/A       100%        7
 Discord                  Hex            0%         N/A       100%        8
 Disjunction              Tloc           0%         N/A       100%        8


Dungeon Overview and Level Annotations

Branches:
Dungeon (5/15)
 Temple: D:4-7

Altars:
Dithmenos
Ru
Trog
Uskayaw
Wu Jian


Innate Abilities, Weirdness & Mutations

You are a tree.
Your roots penetrate the ground, keeping you stationary.
You cannot be teleported.
You are immune to unholy pain and torment.
Your maximum health is greatly increased.
Your equipment is partially melded.
((You have a pair of horns on your head.))
((You reflexively headbutt those who attack you in melee.))


Message History

You feel sick.
The centaur hits you but does no damage.
The centaur kicks you but does no damage.
The centaur hits you.
* * * LOW HITPOINT WARNING * * *
The centaur barely misses you. You block the centaur's attack.
The centaur kicks you but does no damage.
The centaur hits you but does no damage.
The centaur kicks you but does no damage.
It was a potion of lignification.
You turn into a tree.
Your +0 chain mail melds into your body.
Your roots penetrate the ground.
* * * LOW HITPOINT WARNING * * *
You feel sick. You block the centaur's attack.
The centaur kicks you but does no damage.
The centaur hits you but does no damage.
The centaur barely misses you.
It was a potion of attraction.
You feel attractive to monsters.
* * * LOW HITPOINT WARNING * * *
You feel sick.
The centaur hits you but does no damage.
The centaur barely misses you.
The centaur hits you but does no damage.
The centaur kicks you.
* * * LOW HITPOINT WARNING * * *
You block the centaur's attack.
The centaur kicks you but does no damage.
The centaur hits you but does no damage.
The centaur kicks you but does no damage.
It was a potion of magic.
Magic courses through your body.
* * * LOW HITPOINT WARNING * * *
You feel sick.
The centaur hits you but does no damage.
The centaur kicks you but does no damage.
The centaur hits you but does no damage.
The centaur completely misses you.
It was a potion of resistance.
You feel protected.
You die...

.. ##.......
#.##........
...........
#..........
#..........
##......[...
#.#..cc...#.#
#.....♣.....####
#..###.###......
##..# #(# ...#...
#...# #.# .....#
#... #.# ....#
##.#####.##....#
###.........<....###
#...######....#.....
#.###...##.#........


You could see 2 centaurs.

Vanquished Creatures
  A water moccasin (D:5)
  A howler monkey (D:4)
  2 hounds
  An iguana (D:3)
  A sleepcap (D:4)
  3 gnolls (D:4)
  4 adders
  A white imp (D:5)
  4 dart slugs
  5 orcs (D:4)
  7 endoplasms
  3 giant cockroaches
  8 goblins
  6 hobgoblins
  2 jackals (D:1)
  7 kobolds
  A quokka (D:2)
  9 ball pythons
  8 bats
  9 frilled lizards
  3 rats
86 creatures vanquished.

Notes
Turn   | Place    | Note
-------+----------+-------------------------------------------
     0 | D:1      | lonewolfV2 the Minotaur Fighter began the quest for the
                  | Orb.
     0 | D:1      | Reached XP level 1. HP: 19/19 MP: 0/0
    50 | D:1      | Found a faded altar of an unknown god.
   160 | D:1      | Reached XP level 2. HP: 27/27 MP: 1/1
   498 | D:1      | Reached XP level 3. HP: 27/34 MP: 2/2
   726 | D:1      | Identified a scroll of acquirement
   726 | D:1      | Acquired 806 gold pieces
  1095 | D:2      | Reached skill level 5 in Fighting
  1095 | D:2      | Reached skill level 5 in Armour
  1095 | D:2      | Reached XP level 4. HP: 42/42 MP: 3/3
  1203 | D:3      | Found a sacrificial altar of Ru.
  1290 | D:3      | Found a shadowy altar of Dithmenos.
  1441 | D:3      | Found a hide-covered altar of Uskayaw.
  1512 | D:3      | Reached XP level 5. HP: 24/49 MP: 4/4
  1683 | D:3      | Identified the +10 dagger "Ness" {vamp, rElec rC++ Int-2
                  | Stlth+}
  1689 | D:3      | Found a bloodstained altar of Trog.
  2526 | D:4      | Reached XP level 6. HP: 33/57 MP: 5/5
  2732 | D:4      | Found an ornate altar of the Wu Jian Council.
  2883 | D:5      | Entered Level 5 of the Dungeon
  2923 | D:5      | Noticed a water moccasin
  2931 | D:5      | Killed a water moccasin
  2936 | D:5      | HP: 2/58 [centaur (1)]
  2940 | D:5      | Succumbed to a water moccasin's poison

Illustrated notes

Levels and vault maps discovered:
D:1:      evilmike_arrival_plus, layout_basic,
          shapermc_ecumenical_altar_flowoftime, nrook_campfire,
          minmay_lizard_king
D:2:      layout_basic, nrook_uturn, minmay_goblin_kobold_house
D:3:      layout_loops_corners, mainiacjoe_overflow_paths,
          mainiacjoe_overflow_tiny_flanked, nicolae_dithmenos_shadow_blocks,
          mainiacjoe_overflow_chevrons
D:4:      layout_rooms, nicolae_wu_jian_wuxing_cycle
D:5:      nicolae_BIG_FREAKIN_CUBE, layout_rooms,
          nicolae_overflow_hidden_temple, grunt_decor_one_mirror,
          minmay_manual_mares, uniq_grinder

Skill      XL: |  1  2  3  4  5 |
---------------+----------------+-----
Fighting       | 4 5 6 |  6.9
Armour         | 4 5 6 |  6.9
Axes           | |  2.4
Shields        | |  3.6

Action                     |  1- 3 |  4- 6 || total
---------------------------+-------+-------++-------
  Melee: War axe           |    91 |    79 ||   170
         Headbutt          |    13 |    11 ||    24
    Use: Scroll            |     4 |    10 ||    14
         Potion            |       |     4 ||     4
 Armour: Scale mail        |    50 |     1 ||    51
         Chain mail        |       |    52 ||    52
         Skin              |       |    10 ||    10
  Dodge: Dodged            |    48 |    43 ||    91
  Block: Buckler           |    27 |    27 ||    54
